 Dungeon Crawl Stone Soup version 0.29.0-4-gdea44cf6ec (webtiles) character file.

Game seed: 17873020433302786867

107 qw the Chopper (level 4, -1/26 HPs)
             Began as a Tengu Warper on Aug 28, 2022.
             Frozen to death by an endoplasm (5 damage)
             ... on level 2 of the Dungeon.
             The game lasted 00:00:07 (1421 turns).

qw the Chopper (Tengu Warper)                       Turns: 1421, Time: 00:00:08

Health: -1/26      AC:  8    Str: 13    XL:     4   Next: 86%
Magic:  8/8        EV:  5    Int: 14    God:
Gold:   106        SH:  4    Dex: 13    Spells: 7/7 levels left

rFire   . . .      SeeInvis .   Y - +0 hand axe
rCold   . . .      Faith    .   k - +0 buckler
rNeg    . . .      Spirit   .   l - +0 chain mail
rPois   .          Reflect  .   (helmet restricted)
rElec   .          Harm     .   (no cloak)
rCorr   +          Rampage  .   (no gloves)
Will    .....                   (boots unavailable)
Stlth   ..........              (no amulet)
HPRegen 0.08/turn               h - ring of resist corrosion
MPRegen 0.11/turn               (no ring)

@: no status effects
A: beak, talons 3
a: no special abilities


You were on level 2 of the Dungeon.
You visited 1 branch of the dungeon, and saw 2 of its levels.

You collected 106 gold pieces.


Innate Abilities, Weirdness & Mutations

You have a beak for a mouth.
You have claws for feet.


   Skills:
 - Level 2.0 Fighting
 + Level 5.1 Axes
 - Level 1.0 Throwing
 - Level 1.1 Armour
 - Level 2.1 Dodging
 - Level 1.0 Shields
 - Level 2.0 Spellcasting
 - Level 2.4 Translocations


You had 7 spell levels left.
You didn't know any spells.
Your spell library contained the following spells:

 Spells                   Type           Power      Damage    Failure   Level
 Blink                    Tloc           16%        N/A       100%        2
 Gell's Gravitas          Tloc           8%         N/A       100%        3
 Lesser Beckoning         Tloc           8%         N/A       100%        3
 Teleport Other           Tloc           8%         N/A       100%        3
 Manifold Assault         Tloc           8%         N/A       100%        5

Inventory:

Hand Weapons
 d - a +0 club
 Y - a +0 hand axe (weapon)
Armour
 k - a +0 buckler (worn)
 l - a +0 chain mail (worn)
Jewellery
 h - a ring of resist corrosion (left hand)
Scrolls
 f - 3 scrolls of identify
Potions
 a - a potion of heal wounds {unknown}
 j - a potion of degeneration {unknown}

Dungeon Overview and Level Annotations

Branches:
Dungeon (2/15)

Altars:


Message History

You block the jelly's attack. The jelly barely misses you.
You barely miss the jelly. You claw the jelly.
The jelly is heavily wounded.
The jelly hits you but does no damage.
You hit the jelly.
Your hands burn!
You claw the jelly, but do no damage. You peck the jelly.
You kill the jelly!
You hit the endoplasm.
You have reached level 4!
You feel clever.
You hit the jelly.
Your hands burn!
You claw the jelly.
The jelly is heavily wounded.
You hit the endoplasm but do no damage. You hit the jelly.
Your hands burn!
The jelly is heavily wounded.
You hit the jelly.
Your hands burn!
You barely miss the endoplasm. The endoplasm freezes you.
You are frozen.
The jelly hits you but does no damage.
You hit the jelly.
Your hands burn!
You claw the jelly.
You kill the jelly!
You hit the endoplasm. You hit the jelly but do no damage.
Your hands burn!
The endoplasm hits you. You block the jelly's attack.
Your Axes skill increases to level 5!
You hit the jelly but do no damage.
Your hands burn!
Your kick misses the jelly. You peck the jelly.
The jelly is heavily wounded.
You hit the endoplasm. You completely miss the endoplasm.
The endoplasm barely misses you.
The endoplasm hits you but does no damage.
You block the jelly's attack.
You hit the jelly but do no damage.
Your hands burn!
The jelly is heavily wounded.
You barely miss the endoplasm. You hit the endoplasm.
The endoplasm hits you but does no damage.
The endoplasm freezes you.
You are frozen.
You block the jelly's attack. The endoplasm freezes you.
You are frozen.
The endoplasm freezes you.
You are frozen.
You die...

## .# .# .# ## #######
### ##########J...%.#
..######......##@JJ....#
..>.)##.....[.#.#J.....#
.....)........#.#..P.P.#
.....)........#.#......#
..##.'......#'#.#P%.P.P#
...#.##.....#.#.#....%.#
...#####....#.#)#PP.PP.#
...# #######.##.....$#
...# ###


You could see a jelly and 3 endoplasms.

Vanquished Creatures
  2 jellies (D:2)
  An adder (D:2)
  2 ball pythons (D:1)
  8 endoplasms
  2 hobgoblins (D:1)
  7 kobolds
  3 quokkas (D:1)
  3 bats (D:1)
  A frilled lizard (D:1)
  4 goblins
  3 rats (D:1)
36 creatures vanquished.

Vanquished Creatures (others)
  A fungus (D:2)
  7 toadstools (D:2)
8 creatures vanquished.

Grand Total: 44 creatures vanquished

Notes
Turn   | Place    | Note
-------+----------+-------------------------------------------
     0 | D:1      | qw the Tengu Warper began the quest for the Orb.
     0 | D:1      | Reached XP level 1. HP: 12/12 MP: 4/4
     0 | D:1      | 0 ||| qw: Version: 0.1-a-89-g26bdef1
     0 | D:1      | 0 ||| qw: Game counter: 355
     0 | D:1      | 0 ||| qw: Always use a shield: true
     0 | D:1      | 0 ||| qw: God list: Okawaru
     0 | D:1      | 0 ||| qw: Allow faded altars: false
     0 | D:1      | 0 ||| qw: Do Orc after D:15 true
     0 | D:1      | 0 ||| qw: Do second Lair branch before Depths: true
     0 | D:1      | 0 ||| qw: Lair rune preference: random
     0 | D:1      | 0 ||| qw: Plans: Normal
     0 | D:1      | 0 ||| PLANNING D:1-11
   136 | D:1      | HP: 3/12 [frozen (2)]
   137 | D:1      | Reached skill level 3 in Axes
   137 | D:1      | Reached XP level 2. HP: 5/17 MP: 6/6
   486 | D:1      | Found a faded altar of an unknown god.
  1055 | D:1      | 1055 ||| UPGRADING to +0 buckler.
  1060 | D:1      | 1060 ||| UPGRADING to +0 chain mail.
  1070 | D:1      | 1070 ||| DROPPING +0 leather armour.
  1071 | D:1      | 1071 ||| UPGRADING to ring of resist corrosion.
  1072 | D:1      | 1072 ||| READING scroll labelled GAOPEK SYTA.
  1075 | D:1      | 1075 ||| READING 2 scrolls labelled LOCSAV OMYUDI.
  1076 | D:1      | 1076 ||| READING scroll labelled NEQASY UDAMOOBIO.
  1077 | D:1      | 1077 ||| READING 2 scrolls labelled AWNULO KOUZEGH.
  1078 | D:1      | 1078 ||| DROPPING scroll of blinking.
  1079 | D:1      | 1079 ||| DROPPING scroll of vulnerability.
  1121 | D:2      | 1121 ||| STAIRDANCE
  1124 | D:1      | Reached XP level 3. HP: 20/21 MP: 7/7
  1134 | D:2      | Reached skill level 1 in Shields
  1392 | D:2      | Reached skill level 4 in Axes
  1417 | D:2      | Reached XP level 4. HP: 22/26 MP: 8/8
  1420 | D:2      | Reached skill level 5 in Axes
  1421 | D:2      | HP: 5/26 [frozen (4)]
  1421 | D:2      | Frozen to death by an endoplasm

Levels and vault maps discovered:
D:1:      grunt_arrival_crossed_arrows, layout_basic,
          nicolae_ecumenical_lake_church
D:2:      cheibrodos_fertilizer, layout_basic, minmay_misc_feat_secret_circle

Skill      XL: |  1  2  3  4 |
---------------+-------------+-----
Axes           | 3 4 5 |  5.1
Shields        | 1 |  1.0
Fighting       | |  2.0
Throwing       | |  1.0
Armour         | |  1.1
Dodging        | |  2.1
Spellcasting   | |  2.0
Translocations | |  2.4

Action                   |  1- 3 |  4- 6 || total
-------------------------+-------+-------++-------
Melee: Hand axe          |    68 |     5 ||    73
       Peck              |     9 |     1 ||    10
       Kick              |    18 |     2 ||    20
Throw: Boomerang         |     7 |       ||     7
  Use: Scroll            |     4 |       ||     4
Armor: Leather armour    |     7 |       ||     7
       Chain mail        |    14 |     3 ||    17
Dodge: Dodged            |    33 |     1 ||    34
Block: Buckler           |     4 |     3 ||     7

Table legend:
 A = Non-vault XP
 B = Vault XP
 C = Vault XP percentage of total XP
 D = Non-vault monster count
 E = Vault monster count
 F = Vault count percentage of total count
                 A         B        C        D         E       F
            +---------+---------+-------+---------+---------+-------
      Total |      52 |     102 |  66.2 |      24 |      12 |  33.3
            +---------+---------+-------+---------+---------+-------
        D:1 |      35 |       0 |   0.0 |      21 |       0 |   0.0
        D:2 |      17 |     102 |  85.7 |       3 |      12 |  80.0
            +---------+---------+-------+---------+---------+-------
